 Dungeon Crawl Stone Soup version 0.29.1-13-g9f3cf754e1 (webtiles) character file.

Game seed: 12640798923582679946

46 theswoord the Twirler (level 3, -6/27 HPs)
             Began as a Demonspawn Gladiator on Jan 23, 2023.
             Killed by divine providence
             ... invoked by an orc priest
              (13 damage)
             ... on level 2 of the Dungeon.
             The game lasted 00:01:30 (1522 turns).

theswoord the Twirler (Demonspawn Gladiator)        Turns: 1522, Time: 00:01:31

Health: -6/27      AC:  6    Str: 16    XL:     3   Next: 44%
Magic:  3/3        EV: 12    Int:  9    God:
Gold:   93         SH:  0    Dex: 14    Spells: 2/2 levels left

rFire   . . .      SeeInvis .   a - +0 quarterstaff
rCold   . . .      Faith    .   (shield currently unavailable)
rNeg    . . .      Spirit   .   b - +0 leather armour
rPois   .          Reflect  .   c - +0 helmet
rElec   .          Harm     .   (no cloak)
rCorr   .          Rampage  .   (no gloves)
Will    .....                   (no boots)
Stlth   +.........              (no amulet)
HPRegen 0.09/turn               (no ring)
MPRegen 0.08/turn               (no ring)

@: no status effects
A: yellow scales 1
a: no special abilities


You were on level 2 of the Dungeon.
You visited 1 branch of the dungeon, and saw 2 of its levels.

You collected 93 gold pieces.

Inventory:

Hand Weapons
 a - a +0 quarterstaff (weapon)
Missiles
 d - 3 throwing nets (quivered)
 e - a javelin
Armour
 b - a +0 leather armour (worn)
 c - a +0 helmet (worn)
 g - a +0 cloak
Jewellery
 i - an amulet of guardian spirit
Scrolls
 f - 2 scrolls of fear {unknown}
 h - 2 scrolls of enchant weapon {unknown}
 k - a scroll of butterflies {unknown}
 l - a scroll of identify {unknown}
 m - a scroll of poison {unknown}
Potions
 j - a potion of cancellation {unknown}
 n - a potion of resistance {unknown}


   Skills:
 - Level 2.0 Fighting
 + Level 4.1 Staves
 - Level 1.7 Throwing
 - Level 2.6 Dodging


You had 2 spell levels left.
You didn't know any spells.
Your spell library was empty.

Dungeon Overview and Level Annotations

Branches:
Dungeon (2/15)

Altars:


Innate Abilities, Weirdness & Mutations

You are partially covered in yellow scales. (AC +2)


Message History

You sock the orc!
You kill the orc!
You thump the hobgoblin!
You kill the hobgoblin!
You hit the orc.
The orc is heavily wounded.
You closely miss the orc.
The orc is heavily wounded.
The orc misses you. The orc completely misses you.
You hit the orc.
You kill the orc!
The orc hits you with a +0 hand axe.
You hit the orc.
The orc is lightly wounded.
The orc misses you.
You sock the orc!
You kill the orc!
The orc priest calls down the wrath of Beogh upon you.
Beogh smites you!
* * * LOW HITPOINT WARNING * * *
The orc priest hits you with a +0 club.
* * * LOW HITPOINT WARNING * * *
You see here a +0 hand axe.
You hit the orc priest.
The orc priest is heavily wounded.
The orc priest calls down the wrath of Beogh upon you.
Pain shoots through your body!
* * * LOW HITPOINT WARNING * * *
You hit the orc priest.
The orc priest is almost dead.
The orc priest closely misses you.
You closely miss the orc priest.
The orc priest is almost dead.
The orc priest closely misses you.
The orc priest hits you but does no damage.
You barely miss the orc priest.
The orc priest is almost dead.
The orc priest calls down the wrath of Beogh upon you.
Beogh smites you!
You die...

#.# ..... #..†.
###########.#
...... #....
#...........#
......# #....
#.###########
...####...# #.#
..........# #.#
...#####'## #.#
######## #.# #.#
#.....)# #.# #.#
#.####@# #.# #.#
#.#.##o# #.# #.#
#.#...o# ### #.#
#.#######.#o####
#<# #.#
#.#.......#. #.#
#.# #.#....####o
#.# #.##
###.#.##.# #.
#.# #...
....#..#.# #o
#.# #.##
.##.#..#.# #o
#.# #.#


You could see 2 orc priests.

Vanquished Creatures
  3 orcs (D:2)
  A bat (D:2)
  6 endoplasms
  2 giant cockroaches
  5 goblins
  5 hobgoblins
  2 quokkas
  4 ball pythons
  2 frilled lizards
  4 kobolds (D:1)
  3 rats
37 creatures vanquished.

Vanquished Creatures (others)
  A plant (D:2)
1 creature vanquished.

Grand Total: 38 creatures vanquished

Notes
Turn   | Place    | Note
-------+----------+-------------------------------------------
     0 | D:1      | theswoord the Demonspawn Gladiator began the quest for the
                  | Orb.
     0 | D:1      | Reached XP level 1. HP: 16/16 MP: 1/1
   186 | D:1      | Reached skill level 3 in Staves
   264 | D:1      | Gained mutation: You are partially covered in yellow
                  | scales. (AC +2) [demonic ancestry]
   264 | D:1      | Reached XP level 2. HP: 22/22 MP: 2/2
  1299 | D:2      | Reached XP level 3. HP: 27/27 MP: 3/3
  1351 | D:2      | Found a faded altar of an unknown god.
  1471 | D:2      | Reached skill level 4 in Staves
  1522 | D:2      | Killed from afar by an orc priest

Skill      XL: |  1  2  3 |
---------------+----------+-----
Staves         | 3 4 |  4.1
Fighting       | |  2.0
Throwing       | |  1.7
Dodging        | |  2.6

Action                   || total
-------------------------++-------
Melee: Quarterstaff      ||    89
 Stab: Sleeping          ||     2
Armor: Leather armour    ||    30
Dodge: Dodged            ||    47

Levels and vault maps discovered:
D:1:      saegor_arrival_miasma, layout_basic
D:2:      layout_basic, dreamdust_ecumenical_altar_grove, serial_bayou_pond_d
